 Dungeon Crawl Stone Soup version 0.23.1 (webtiles) character file.

Game seed: 7597153008712600292

707 glosham the Archer (level 7, -4/60 HPs)
             Began as a Centaur Conjurer on Mar 1, 2019.
             Was a Plaything of Xom.
             Slain by a freed slave (8 damage)
             ... led by Pikel
             ... on level 4 of the Dungeon.
             The game lasted 00:32:36 (2226 turns).

glosham the Archer (Centaur Conjurer)               Turns: 2226, Time: 00:32:37

Health: -4/60      AC:  9    Str: 13    XL:     7   Next: 39%
Magic:  9/9        EV:  8    Int: 14    God:    Xom [..*...]
Gold:   114        SH:  0    Dex:  9    Spells: 8/9 levels left

rFire    . . .     SeeInvis +   a - +0 flail
rCold    . . .     Gourm    .   (no shield)
rNeg     . . .     Faith    .   X - +0 ring mail
rPois    .         Spirit   .   U - +2 helmet {SInv}
rElec    .         Reflect  .   (no cloak)
rCorr    .         Harm     +   V - +0 pair of gloves
MR       .....                  (no barding)
Stlth    ..........             z - amulet of harm
HPRegen  0.20/turn              (no ring)
MPRegen  0.11/turn              (no ring)

@: very quick
A: large, hooves 3, deformed body, speed 2, tough skin 3
a: Renounce Religion


You were on level 4 of the Dungeon.
You worshipped Xom.
You were a toy of Xom.
You were not hungry.

You visited 1 branch of the dungeon, and saw 4 of its levels.

You collected 114 gold pieces.

Inventory:

Hand Weapons
 a - a +0 flail (weapon)
 b - a +0 hunting sling
 c - a +0 shortbow
 f - a +2 whip of freezing
 n - a +0 spear
 v - a +0 mace
Missiles
 j - 17 poisoned needles
 m - 6 needles of paralysis
 p - 86 stones (quivered)
 q - 6 javelins
 r - 23 arrows
 u - 49 bolts
Armour
 U - a +2 helmet of see invisible (worn)
 V - a +0 pair of gloves (worn)
 X - a +0 ring mail (worn)
 Z - a +0 buckler
Jewellery
 z - an amulet of harm (around neck)
Wands
 s - a wand of random effects (2)
Scrolls
 k - a scroll of teleportation
 o - a scroll of remove curse
Potions
 g - a potion of flight
 i - a potion of degeneration {unknown}
 l - a potion of magic {unknown}
 t - a potion of berserk rage {!q}
 w - 2 potions of heal wounds {unknown}
 x - 2 potions of agility
 y - a potion of might
Comestibles
 d - 6 chunks of flesh
 e - 6 rations


   Skills:
 - Level 4.6 Fighting
 * Level 8.4 Bows
 - Level 1.3 Dodging
 - Level 1.1 Stealth
 - Level 1.5 Spellcasting
 - Level 3.6 Conjurations


You had 8 spell levels left.
You knew the following spells:

 Your Spells              Type           Power        Failure   Level  Hunger
x - Magic Dart            Conj           ##..         13%         1    ##.....

Your spell library contained the following spells:

 Spells                   Type           Power        Failure   Level  Hunger
 Searing Ray              Conj           ##....       19%         2    ###....
 Dazzling Spray           Conj/Hex       #.....       61%         3    ####...
 Iskenderun's Mystic Bla  Conj           ##......     77%         4    #####..
 Force Lance              Conj/Tloc      #.......     95%         4    #####..
 Fulminant Prism          Conj/Hex       #.........   95%         4    #####..


Dungeon Overview and Level Annotations

Branches:
Dungeon (4/15)
 Temple: D:4-7

Altars:
Xom
Zin

Annotations:
D:2 sacred scourge (angel) behind stone wall (Lugonu, Shatter ?)


Innate Abilities, Weirdness & Mutations

You have hooves in place of feet.
Armour fits poorly on your strangely shaped body.
You cover ground very quickly.
You have extremely tough skin. (AC +3)


Message History

The freed slave barely misses you.
You closely miss the freed slave. You kick the freed slave!
The freed slave is heavily wounded.
The freed slave hits you! The freed slave hits you.
You hit the freed slave.
The freed slave is heavily wounded.
The freed slave hits you.
You sock the freed slave! Your kick misses the freed slave.
The freed slave is almost dead.
You feel a little less agile now. The freed slave barely misses you. x2
You closely miss the freed slave.
The freed slave is almost dead.
The freed slave hits you but does no damage.
Some of the chunks of flesh in your inventory have rotted away.
You closely miss the freed slave.
The freed slave is almost dead.
The freed slave hits you but does no damage.
You completely miss the freed slave.
The freed slave is almost dead.
The freed slave hits you.
The freed slave hits you but does no damage.
You miss the freed slave.
The freed slave is almost dead.
The freed slave hits you!
You miss the freed slave.
The freed slave is almost dead.
The freed slave hits you but does no damage. x2
You miss the freed slave.
The freed slave is almost dead.
The freed slave hits you!
* * * LOW HITPOINT WARNING * * *
You hit the freed slave.
The freed slave is almost dead.
The freed slave hits you.
* * * LOW HITPOINT WARNING * * *
You barely miss the freed slave.
The freed slave is almost dead.
The freed slave hits you!
You die...

##..## #(.
.....# . #...
.....# . #...
..... #. #..#
...#
#.##..###...###.
#...............
∆
#.......@.......
#........p......
#..##.####..####
# #[####'##
#[...# . ∆
#<...# .. ∆
#....# .# #....#
.# #...##


You could see a freed slave.

Vanquished Creatures
  Pikel (D:4)
  2 slaves (D:4)
  A bullfrog zombie (D:3)
  An orc priest (D:3)
  Natasha (thrice) (D:2)
  2 adders (D:3)
  An ooze (D:2)
  3 dart slugs
  2 leopard geckos
  5 orcs
  4 giant cockroaches
  9 goblins
  A hobgoblin (D:1)
  6 kobolds
  2 quokkas
  7 bats
  A frilled lizard (D:3)
  8 rats
59 creatures vanquished.

Notes
Turn   | Place    | Note
-------+----------+-------------------------------------------
     0 | D:1      | glosham the Centaur Conjurer began the quest for the Orb.
     0 | D:1      | Reached XP level 1. HP: 14/14 MP: 3/3
   140 | D:1      | Reached skill level 1 in Fighting
   316 | D:1      | Reached XP level 2. HP: 24/24 MP: 2/4
   399 | D:1      | Reached skill level 2 in Fighting
   735 | D:2      | Noticed Natasha
   743 | D:2      | Killed Natasha
   743 | D:2      | Reached skill level 3 in Fighting
   743 | D:2      | Reached XP level 3. HP: 14/31 MP: 2/5
  1167 | D:2      | Found a glowing silver altar of Zin.
  1167 | D:2      | Found a shimmering altar of Xom.
  1167 | D:2      | Noticed an angel
  1175 | D:2      | Became a worshipper of Xom of Chaos
  1234 | D:2      | XOM: divination: detect creatures
  1363 | D:2      | XOM: harmless Necr miscast
  1401 | D:1      | XOM: harmless Tmut miscast
  1482 | D:3      | XOM: mild Chrm miscast
  1500 | D:3      | Reached skill level 4 in Fighting
  1500 | D:3      | Reached XP level 4. HP: 30/40 MP: 6/6
  1694 | D:2      | Noticed Natasha
  1699 | D:2      | XOM: divination: magic mapping
  1703 | D:2      | Killed Natasha
  1883 | D:3      | Reached XP level 5. HP: 36/47 MP: 7/7
  1898 | D:3      | XOM: butterfly on damage
  1900 | D:3      | XOM: silly message
  1902 | D:3      | Reached skill level 2 in Bows
  1944 | D:2      | XOM: harmless Necr miscast
  2113 | D:2      | Noticed Natasha
  2124 | D:2      | Killed Natasha
  2124 | D:2      | Reached skill level 3 in Bows
  2163 | D:4      | Noticed a slave
  2163 | D:4      | Noticed a slave
  2170 | D:4      | XOM: divination: detect items
  2170 | D:4      | Noticed Pikel
  2172 | D:4      | Killed a slave
  2172 | D:4      | XOM: silly message
  2172 | D:4      | Noticed a slave
  2176 | D:4      | XOM: potion effect (curing)
  2178 | D:4      | Killed Pikel
  2178 | D:4      | Reached skill level 8 in Bows
  2178 | D:4      | Reached XP level 6. HP: 53/53 MP: 8/8
  2178 | D:4      | Reached XP level 7. HP: 60/60 MP: 9/9
  2179 | D:4      | XOM: potion effect (agility)
  2214 | D:4      | XOM: harmless Air miscast
  2225 | D:4      | HP: 4/60 [freed slave[Pikel] (4)]
  2226 | D:4      | Slain by a freed slave

Skill      XL: |  1  2  3  4  5 |
---------------+----------------+-----
Fighting       | 1 3 4 |  4.6
Bows           | 8 |  8.4
Dodging        | |  1.3
Stealth        | |  1.1
Spellcasting   | |  1.5
Conjurations   | |  3.6

Action                   |  1- 3 |  4- 6 |  7- 9 || total
-------------------------+-------+-------+-------++-------
Melee: Mace              |    56 |    33 |       ||    89
       Kick              |     9 |     9 |     3 ||    21
       Flail             |       |    60 |    22 ||    82
 Cast: Magic Dart        |    22 |       |       ||    22
Evoke: Wand              |       |    10 |       ||    10
  Use: Scroll            |     4 |       |       ||     4
       Potion            |       |     4 |       ||     4
 Stab: Sleeping          |     1 |       |       ||     1
  Eat: Chunk             |     1 |     2 |     1 ||     4
Armor: Robe              |     4 |       |       ||     4
       Ring mail         |    22 |    45 |     5 ||    72
Dodge: Dodged            |    30 |    42 |     9 ||    81

Table legend:
 A = Turns spent in this place as a percentage of turns spent in the entire game.
 B = Non-inter-level travel turns spent in this place as a percentage of non-inter-level travel turns spent in the entire game.
 C = Inter-level travel turns spent in this place as a percentage of turns spent in this place.
 D = Turns resting spent in this place as a percentage of non-inter-level travel turns spent in this place.
 E = Turns spent auto-exploring this place as a percentage of non-inter-level travel turns spent in this place.
 F = Non-inter-level travel turns spent in this place divided by the number of levels of this place that you've seen.
                   A       B       C       D       E      F
               +-------+-------+-------+-------+-------+----------------------
         Total | 100.0 | 100.0 |  10.5 |   1.3 |  15.4 | 498.2
       Dungeon | 100.0 | 100.0 |  10.5 |   1.3 |  15.4 | 498.2
               +-------+-------+-------+-------+-------+----------------------

Table legend:
 A = Kills in this place as a percentage of kills in entire the game.
 B = Kills by you in this place as a percentage of kills by you in the entire game.
 C = Kills by friends in this place as a percentage of kills by friends in the entire game.
 D = Other kills in this place as a percentage of other kills in the entire game.
 E = Experience gained in this place as a percentage of experience gained in the entire game.
 F = Experience gained in this place divided by the number of levels of this place that you have seen.
                   A       B       C       D       E      F
               +-------+-------+-------+-------+-------+----------------------
         Total | 100.0 | 100.0 |   N/A |   N/A | 100.0 | 252.5
       Dungeon | 100.0 | 100.0 |   N/A |   N/A | 100.0 | 252.5
               +-------+-------+-------+-------+-------+----------------------

Levels and vault maps discovered:
D:1:      lordsloth_arrival_two_stooges, layout_basic,
          chequers_serial_rivers_micro_e
D:2:      layout_loops_ring, grunt_temple_overflow_order_and_chaos_1,
          uniq_natasha
D:3:      layout_rooms, first_ration, hangedman_abyss_or_decor_stabs
D:4:      layout_gridville, uniq_pikel
